 Dungeon Crawl Stone Soup version 0.31-a0-618-g7ca08c1ff9 (webtiles) character file.

Game seed: 4612186122670483839

7859 Twinkles the Cleaver (level 11, -10/106 HPs)
             Began as a Minotaur Berserker on Aug 22, 2023.
             Was an Elder of Trog.
             Mangled by Urug
             ... wielding a +4 glaive
              (23 damage)
             ... on level 10 of the Dungeon.
             The game lasted 00:10:54 (6560 turns).

Twinkles the Cleaver (Minotaur Berserker)           Turns: 6560, Time: 00:10:55

Health: -10/106    AC: 11    Str: 26    XL:     11   Next: 2%
Magic:  10/10      EV: 13    Int:  4    God:    Trog [****..]
Gold:   402        SH:  0    Dex: 10    Spells: 10/10 levels left

rFire   . . .        a - +2 hand axe (flame)
rCold   . . .        (no shield)
rNeg    . . .        v - +3 leather armour {Will+}
rPois   +            (helmet restricted)
rElec   .            (no cloak)
rCorr   .            (no gloves)
SInv    .            (no boots)
Will    +++..        (no amulet)
Stlth   +            n - ring of poison resistance
HPRegen 1.37/turn    r - +4 ring of protection
MPRegen 0.12/turn

%: no passive effects
@: about to teleport, strong-willed, on berserk cooldown, regenerating
A: horns 2, retaliatory headbutt
a: Renounce Religion, Berserk, Trog's Hand, Brothers in Arms


You were on level 10 of the Dungeon.
You worshipped Trog.
Trog was greatly pleased with you.
You visited 1 branch of the dungeon, and saw 8 of its levels.

You collected 402 gold pieces.

Inventory:

Hand Weapons
 a - a +2 hand axe of flaming (weapon)
 b - the +4 orcbow of Orifuosi {antimagic, Int+2 Stlth+}
   (You found it on level 7 of the Dungeon)

   Int+2:     It affects your intelligence (+2).
   Stlth+:    It makes you more stealthy.
 i - a +0 hand axe
 x - a +5 hand axe
 y - a +0 war axe
Missiles
 e - 2 throwing nets
 q - 5 poisoned darts
Armour
 l - a +0 ring mail
 v - a +3 leather armour of willpower (worn)
 w - a +2 leather armour of fire resistance
 B - a +0 animal skin
 E - a +8 chain mail of ponderousness
Jewellery
 n - a ring of poison resistance (left hand)
 p - a ring of see invisible
 r - a +4 ring of protection (right hand)
 D - an amulet of magic regeneration
Scrolls
 c - a scroll of enchant weapon {unknown}
 d - 4 scrolls of poison
 f - a scroll of revelation {unknown}
 u - a scroll of vulnerability {unknown}
 z - a scroll of noise {unknown}
 F - a scroll of acquirement {unknown}
 K - 3 scrolls of immolation
 Y - 2 scrolls of teleportation
 Z - 6 scrolls of identify
Potions
 g - a potion of haste {unknown}
 j - 2 potions of magic {unknown}
 k - a potion of berserk rage {unknown}
 m - 2 potions of heal wounds {unknown}
 o - 2 potions of brilliance {unknown}
 s - 2 potions of enlightenment {unknown}
 A - a potion of lignification {unknown}
 C - a potion of degeneration {unknown}
 G - 2 potions of ambrosia
 J - 6 potions of curing
 U - 2 potions of mutation


   Skills:
 + Level 12.9 Fighting
 + Level 13.0 Axes
 - Level 7.5 Armour
 - Level 6.8 Dodging


You had 10 spell levels left.
You didn't know any spells.
Your spell library was empty.

Dungeon Overview and Level Annotations

Branches:
Dungeon (10/15) Zot: 26862    Lair (0/5) D:9
 Temple: D:4-7          Orc: D:9-12

Altars:
Ashenzari
Dithmenos
Nemelex Xobeh
Trog
Vehumet

Annotations:
D:10 Urug


Innate Abilities, Weirdness & Mutations

You have a pair of horns on your head.
You reflexively headbutt those who attack you in melee.


Message History

The orc wizard shouts!
You hear a shout!
An orc comes into view. It is wielding a +0 hand axe.
An orc warrior comes into view. It is wielding a +0 rapier.
Urug the Orcish Ballista comes into view.
She is wielding a +4 glaive and carrying a wand of roots.
Urug shouts!
The orc shouts!
An orc comes into view. It is wielding a +0 falchion.
An orc comes into view. It is wielding a +0 hand axe.
The orc moves out of view.
The orc wizard attacks as it pursues you!
The orc wizard hits you but does no damage.
The orc wizard hits you with a +0 dagger.
You slice the orc wizard!! You burn the orc wizard.
You kill the orc wizard!
Trog accepts your kill.
Trog appreciates your killing of a magic user.
Your Axes skill increases to level 13!
You start resting.
Urug hits you from afar with a +4 glaive!!
Your skin crawls.
You feel strong-willed.
Urug zaps a wand.
The roots erupt in riotous growth!
The grasping roots grab you! The grasping roots constrict you!
Urug hits you from afar with a +4 glaive!!
The grasping roots constrict you!
* * * LOW HITPOINT WARNING * * *
You hear a bellow! x2
As you read the scroll labelled FET QAOCEIGH, it crumbles to dust.
You feel strangely unstable.
It was a scroll of teleportation.
Y - 2 scrolls of teleportation Urug hits you from afar with a +4 glaive!
* * * LOW HITPOINT WARNING * * *
The grasping roots constrict you!
* * * LOW HITPOINT WARNING * * *
The grasping roots release their grip on you.
You feel better.
You feel yourself speed up.
Urug hits you from afar with a +4 glaive!!
You die...
Urug says, "One more harpy dead."

... . ## ... .o
#.. ..#
..o##.###.# .
....o...#.# #.
#o..#.# ##.#
#...#.# .....
#...#@# #
......####...#.#.#
......)......#o#.#
.....######+#.o..#
... #....### +
#...#.## ......#.#
..... #.# .....
#.#


You could see Urug and an orc.

Vanquished Creatures
  2 boulder beetles
  A wizard (D:9)
  2 gargoyles
  A troll (D:6)
  Sigmund (D:6)
  A shadow (D:9)
  A wyvern (D:10)
  10 yaks (D:9)
  Eustachio (D:6)
  Edmund (D:6)
  A black bear (D:6)
  5 orc warriors
  4 ice beasts
  2 ogres (D:6)
  2 centaurs
  A kobold brigand (D:7)
  2 bullfrogs (D:7)
  2 scorpions
  4 wights (D:6)
  17 killer bees
  A howler monkey (D:9)
  A gnoll bouda (D:6)
  2 jellies
  7 orc priests
  2 hounds
  An iguana (D:6)
  6 orc wizards
  6 gnolls (D:6)
  5 adders
  2 shadow imps
  A worm (D:2)
  2 dart slugs
  15 orcs
  5 endoplasms
  A giant cockroach (D:2)
  6 goblins
  12 hobgoblins
  6 jackals (D:2)
  3 quokkas
  7 ball pythons
  5 bats
  2 frilled lizards
  10 kobolds
  7 rats
176 creatures vanquished.

Notes
Turn   | Place    | Note
-------+----------+-------------------------------------------
     0 | D:1      | Twinkles the Minotaur Berserker began the quest for the
                  | Orb.
     0 | D:1      | Reached XP level 1. HP: 19/19 MP: 0/0
    99 | D:1      | Reached XP level 2. HP: 25/27 MP: 1/1
   159 | D:1      | Reached ** piety under Trog
   247 | D:1      | Reached skill level 4 in Axes
   439 | D:1      | Reached XP level 3. HP: 25/33 MP: 2/2
   987 | D:2      | Reached XP level 4. HP: 36/41 MP: 3/3
  1219 | D:2      | Reached *** piety under Trog
  1637 | D:3      | Found a sparkling altar of Nemelex Xobeh.
  1698 | D:3      | You fall into a shaft and drop 3 floors!
  1701 | D:6      | Noticed an ogre
  1714 | D:6      | Noticed an ice beast
  1718 | D:6      | HP: 7/41 [spore (21)]
  1718 | D:6      | Killed an ice beast
  1719 | D:6      | Reached skill level 5 in Fighting
  1719 | D:6      | Reached skill level 5 in Axes
  1719 | D:6      | Reached XP level 5. HP: 8/48 MP: 4/4
  1726 | D:6      | Noticed an ogre
  1743 | D:6      | Noticed Edmund
  1770 | D:6      | Reached XP level 6. HP: 34/56 MP: 5/5
  1792 | D:6      | Killed Edmund
  1801 | D:6      | Reached skill level 5 in Armour
  1802 | D:6      | Reached XP level 7. HP: 29/62 MP: 6/6
  1804 | D:6      | HP: 17/62 [poisoned by a scorpion]
  1962 | D:6      | Noticed Sigmund
  1968 | D:6      | Noticed a troll
  1974 | D:6      | Killed Sigmund
  1975 | D:6      | Reached skill level 6 in Axes
  1975 | D:6      | Reached skill level 5 in Dodging
  1979 | D:6      | Killed a troll
  1980 | D:6      | Reached XP level 8. HP: 60/71 MP: 7/7
  2190 | D:6      | Reached skill level 7 in Axes
  2267 | D:6      | Noticed Eustachio
  2283 | D:6      | Killed Eustachio
  2789 | D:7      | Reached **** piety under Trog
  2830 | D:7      | Identified the +4 orcbow of Orifuosi {antimagic, Int+2
                  | Stlth+}
  2891 | D:7      | Reached XP level 9. HP: 48/81 MP: 8/8
  2892 | D:7      | Reached skill level 8 in Axes
  3280 | D:7      | Found a radiant altar of Vehumet.
  4279 | D:8      | Found a broken altar of Ashenzari.
  4312 | D:8      | Reached skill level 9 in Axes
  4417 | D:8      | Noticed a boulder beetle
  4427 | D:8      | Killed a boulder beetle
  4428 | D:8      | Reached skill level 10 in Axes
  4746 | D:8      | Reached skill level 10 in Fighting
  4929 | D:9      | Found the +7 staff of the Meek {protect, meekguard}
  5175 | D:9      | Reached XP level 10. HP: 78/94 MP: 9/9
  5230 | D:9      | Found a staircase to the Lair.
  5380 | D:9      | Noticed a gargoyle
  5389 | D:9      | Killed a gargoyle
  5394 | D:9      | Found a shadowy altar of Dithmenos.
  5404 | D:9      | HP: 20/94 [something (31)]
  5410 | D:9      | Reached skill level 11 in Axes
  5414 | D:9      | HP: 26/95 [yak (3)]
  5675 | D:9      | Noticed a wizard
  5681 | D:9      | Killed a wizard
  5712 | D:9      | Reached skill level 12 in Axes
  5784 | D:9      | HP: 24/99 [centaur/arrow (14)]
  5848 | D:9      | Noticed a boulder beetle
  6091 | D:9      | HP: 20/99 [boulder beetle (18)]
  6093 | D:9      | HP: 5/99 [boulder beetle (18)]
  6125 | D:9      | Killed a boulder beetle
  6382 | D:9      | Found a bloodstained altar of Trog.
  6428 | D:10     | Entered Level 10 of the Dungeon
  6529 | D:10     | Noticed a gargoyle
  6537 | D:10     | Killed a gargoyle
  6538 | D:10     | Reached XP level 11. HP: 106/106 MP: 10/10
  6548 | D:10     | Noticed Urug
  6556 | D:10     | Reached skill level 13 in Axes
  6558 | D:10     | HP: 25/106 [constriction (7)]
  6559 | D:10     | HP: 10/106 [Urug/+4 glaive (17)]
  6559 | D:10     | HP: 1/106 [constriction (9)]
  6560 | D:10     | Mangled by Urug

Illustrated notes

Levels and vault maps discovered:
D:1:      kennysheep_arrival_seaside, layout_basic
D:2:      kennysheep_six_static_rooms, layout_rooms
D:3:      layout_loops_corners, pdpol_wu_jian_five_deadly_venoms,
          mainiacjoe_overflow_concentric_impassable, ebering_ghost_rock_garden
D:6:      layout_rooms, uniq_eustachio, uniq_edmund, uniq_sigmund
D:7:      layout_basic, kennysheep_mini, kennysheep_generic_room_9
D:8:      layout_loops_ring, ashenzari_conservatory_becter,
          hangedman_decor_riveting
D:9:      layout_basic, mainiacjoe_overflow_alcove_1, grunt_dithmenos_shadows,
          dpeg_oklobed_lair, nrook_mini_backslash, pf_guarded_unrand_meek
D:10:     layout_basic, uniq_urug

Skill      XL: |  1  2  3  4  5  6  7  8  9 10 11 |
---------------+----------------------------------+-----
Axes           | 4 5 6 7 10 12 13 | 13.0
Fighting       | 4 5 6 7 10 12 | 12.9
Armour         | 3 4 5 6 7 |  7.5
Dodging        | 3 4 5 6 |  6.8

Action                     |  1- 3 |  4- 6 |  7- 9 | 10-12 || total
---------------------------+-------+-------+-------+-------++-------
  Melee: Hand axe          |    66 |    79 |   177 |   128 ||   450
         Headbutt          |     8 |    13 |    36 |    38 ||    95
         Punch             |       |     1 |     3 |     4 ||     8
   Fire: Orcbow            |       |       |    21 |       ||    21
 Invoke: Trog's Hand       |       |     1 |     1 |     3 ||     5
         Berserk           |       |     1 |     5 |     5 ||    11
    Use: Scroll            |       |     3 |       |     2 ||     5
         Potion            |       |       |       |     3 ||     3
   Stab: Sleeping          |     1 |       |       |       ||     1
 Armour: Animal skin       |    13 |       |       |       ||    13
         Ring mail         |     4 |    37 |    14 |       ||    55
         Leather armour    |       |       |    40 |    30 ||    70
  Dodge: Dodged            |    40 |    53 |   109 |    59 ||   261

Table legend: (Time is in decaauts)
 A = Elapsed time spent in this place.
 B = Non-inter-level travel time spent in this place.
 C = Inter-level travel time spent in this place.
 D = Time resting spent in this place.
 E = Time spent auto-exploring this place.
 F = Levels seen in this place.
 G = Mean time per level.
                   A        B        C        D        E       F      G
               +--------+--------+--------+--------+--------+-----+--------+
         Total |   6621 |   6264 |    357 |    324 |   4811 |   8 |  827.6 |
       Dungeon |   6621 |   6264 |    357 |    324 |   4811 |   8 |  827.6 |
               +--------+--------+--------+--------+--------+-----+--------+

Top non-repeatable levels by time:
     D:9: 1540 daAuts
     D:8: 1114 daAuts
     D:6: 1109 daAuts
     D:7: 1011 daAuts
     D:1: 824 daAuts
     D:2: 698 daAuts
     D:3: 186 daAuts
    D:10: 136 daAuts
